cohdb
Replays
Latest Replays
All Replays
Popular Replays
Top Player Replays
Match Explorer
How It Works
Community
CoH3 Stats
Reddit
Sign in to upload your games and track your stats! →
Sign in with Steam
Match 48374117
Unlisted
Match 48374117
Overview
Messages
Build Orders
End
Vickers Machine Gun Team
Royal Engineer Section
Selects Indian Artillery Battlegroup
Construct Section Command Post
Dingo Light Scout Car
Infantry Section
Infantry Section
Construct Platoon Command Post
Selects Valour
Unlock M3 Stuart Light Tanks
Selects Gurkha Rifles Section
M3 Stuart Light Tank
Gurkha Rifles Section
Infantry Section
Construct Field Infirmary
Selects Volunteer Infantry
Grenade Package
Royal Engineer Section
UnhingedRizzler
REGULATOR
0
0
Comments
sign in to comment!
No comments posted yet!